 Dungeon Crawl Stone Soup version 0.29-a0-284-gf9362112df (webtiles) character file.

Game seed: 7017570472250308842

39 avis the Insei (level 3, -1/24 HPs)
             Began as an Octopode Transmuter on Mar 21, 2022.
             Slain by a quokka (4 damage)
             ... on level 1 of the Dungeon.
             The game lasted 00:04:22 (1424 turns).

avis the Insei (Octopode Transmuter)                Turns: 1424, Time: 00:04:22

Health: -1/24      AC:  1    Str: 11    XL:     3   Next: 47%
Magic:  3/6        EV: 13    Int: 15    God:
Gold:   30         SH:  0    Dex: 12    Spells: 2/6 levels left

rFire   . . .      SeeInvis .     - Unarmed
rCold   . . .      Faith    .   (no shield)
rNeg    . . .      Spirit   .   (helmet currently unavailable)
rPois   .          Reflect  .   (no amulet)
rElec   .          Harm     .   (no ring)
rCorr   .          Rampage  .   (no ring)
Will    .....                   (no ring)
Stlth   ++........              (no ring)
HPRegen 0.08/turn               (no ring)
MPRegen 0.10/turn               (no ring)
                                (no ring)
                                (no ring)

@: mighty, lethally poisoned (-1 -> -4), appendages (expiring)
A: tentacle spike 3, almost no armour, amphibious, 8 rings, camouflage 1,
gelatinous body 1, (nimble swimmer 1), tentacles
a: End Transformation


You were on level 1 of the Dungeon.
One of your tentacles had grown a beastly spike.
You visited 1 branch of the dungeon, and saw 2 of its levels.

You collected 30 gold pieces.

Inventory:

Missiles
 d - 4 javelins
Scrolls
 e - a scroll of immolation {unknown}
 g - a scroll of enchant weapon {unknown}
 h - 2 scrolls of teleportation {unknown}
Potions
 a - a potion of lignification
 b - 2 potions of might
 c - a potion of heal wounds {unknown}
 f - a potion of curing {unknown}
 i - a potion of resistance {unknown}
 j - a potion of invisibility {unknown}


   Skills:
 - Level 2.0 Fighting
 - Level 2.0 Dodging
 - Level 3.0 Unarmed Combat
 - Level 2.0 Spellcasting
 - Level 3.0 Transmutations
 * Level 1.3 Poison Magic


You had 2 spell levels left.
You knew the following spells:

 Your Spells              Type           Power      Damage    Failure   Level
a - Beastly Appendage     Tmut           20%        N/A       6%          1
p - Spider Form           Tmut/Pois      8%         N/A       26%         3

Your spell library contained the following spells:

 Spells                   Type           Power      Damage    Failure   Level
 Wereblood                Tmut           10%        N/A       10%         2
 Animate Skeleton         Necr           2%         N/A       22%         1
 Apportation              Tloc           2%         N/A       22%         1
 Summon Small Mammal      Summ           4%         N/A       22%         1
 Ice Form                 Ice/Tmut       6%         N/A       75%         4


Dungeon Overview and Level Annotations

Branches:
Dungeon (2/15)

Altars:

Shops:
D:2 (


Innate Abilities, Weirdness & Mutations

One of your tentacles has grown a beastly spike.
You cannot wear most types of armour.
You are amphibious.
You can wear up to eight rings at the same time.
Your skin changes colour to match your surroundings (Stealth+).
Your rubbery body absorbs attacks. (AC +1, EV +1)
((You are camouflaged when in or above water. (Stealth+)))
You have tentacles for arms and can constrict up to eight enemies at once.


Message History

There is a stone staircase leading up here.
The quokka misses you. The adder completely misses you.
You climb upwards.
There is a stone staircase leading down here.
You closely miss the adder. The quokka misses you. The adder bites you.
You are poisoned.
The adder poisons you!
You closely miss the adder.
You feel very sick. The adder closely misses you.
The quokka closely misses you.
You hit the adder.
The adder is poisoned.
The adder is lightly wounded.
You feel very sick. The adder bites you. The quokka misses you.
The adder barely misses you. The quokka closely misses you.
You hit the adder.
The adder looks as sick as possible!
The adder is severely wounded.
Your transformation has ended.
You feel sick. The adder bites you. The quokka closely misses you.
Casting: Spider Form (extremely dangerous; 32% risk of failure)
Confirm with . or Enter, or press ? or * to list all spells.
One of your tentacles grows a vicious spike.
You feel sick. The adder closely misses you. The quokka misses you.
You tentacle-slap the adder. Your grab misses the adder.
You pierce the adder, but do no damage.
The adder is almost dead.
You feel sick.
You kill the adder!
The quokka bites you.
* * * LOW HITPOINT WARNING * * *
Your Poison Magic skill increases to level 1!
You completely miss the quokka. Your grab misses the quokka.
Your tentacle spike misses the quokka.
* * * LOW HITPOINT WARNING * * *
You feel sick. The quokka closely misses you.
It was a potion of might.
You feel very mighty all of a sudden.
Your transformation is almost over.
* * * LOW HITPOINT WARNING * * *
You feel sick. The quokka bites you.
You die...

.# #.#.#####...##.......#
.##########.#..####...##.......#
.#.........................†...#
.#.########.##....######.#######
.#...........#..#.# #.# ####
###########.##..#.# #.# ###...
..................# #.# #.....
###########.####..# #.# #.#.##
...............†@.# #.# #.#.#
###########......r# #.# #.#.##
..........#.####.## #.# #.#.##
............# ##.# #.# #.#.##
#########.#.# #..#######.#
#.#.#. #.#.###.###......# #.#.#.
#.#.##..# #.###### #.#.#)
#.#.##.## #.########.#.#.
#.#.#..# #............#.


You could see a quokka.

Vanquished Creatures
  An adder (D:1)
  A gnoll (D:1)
  A dart slug (D:1)
  3 bats (D:1)
  4 hobgoblins (D:1)
  A quokka (D:1)
  3 ball pythons (D:1)
  3 frilled lizards (D:1)
  3 rats (D:1)
20 creatures vanquished.

Notes
Turn   | Place    | Note
-------+----------+-------------------------------------------
     0 | D:1      | avis the Octopode Transmuter began the quest for the Orb.
     0 | D:1      | Reached XP level 1. HP: 13/13 MP: 3/3
   246 | D:1      | Reached XP level 2. HP: 18/19 MP: 3/5
   628 | D:1      | Found a faded altar of an unknown god.
   915 | D:1      | Reached XP level 3. HP: 23/24 MP: 4/6
  1014 | D:1      | Learned a level 3 spell: Spider Form
  1381 | D:2      | Found Sassum's Antique Weapon Emporium.
  1423 | D:1      | Reached skill level 1 in Poison Magic
  1424 | D:1      | Slain by a quokka

Illustrated notes

Levels and vault maps discovered:
D:1:      zelgadis_glass_arrival_small, layout_basic,
          shapermc_ecumenical_altar_totnotflames
D:2:      layout_basic, serial_shops, shop, basic_altar, chequers_avenue,
          lightli_corner_chamber

Skill      XL: |  1  2  3 |
---------------+----------+-----
Fighting       | 2 |  2.0
Transmutations | 3 |  3.0
Poison Magic   | 1 |  1.3
Dodging        | |  2.0
Unarmed Combat | |  3.0
Spellcasting   | |  2.0

Action                   || total
-------------------------++-------
Melee: Unarmed           ||    41
       Constrict         ||    11
       Kick              ||     8
       Tentacles         ||     5
 Cast: Beastly Appendage ||    18
       Spider Form       ||     2
  Use: Potion            ||     1
 Stab: Sleeping          ||     3
Armor: Skin              ||     2
Dodge: Dodged            ||    29

Table legend: (Time is in decaauts)
 A = Elapsed time spent in this place.
 B = Non-inter-level travel time spent in this place.
 C = Inter-level travel time spent in this place.
 D = Time resting spent in this place.
 E = Time spent auto-exploring this place.
 F = Levels seen in this place.
 G = Mean time per level.
                   A        B        C        D        E       F      G
               +--------+--------+--------+--------+--------+-----+--------+
         Total |   1422 |   1369 |     53 |    273 |    877 |   2 |  711.0 |
       Dungeon |   1422 |   1369 |     53 |    273 |    877 |   2 |  711.0 |
               +--------+--------+--------+--------+--------+-----+--------+

Top non-repeatable levels by time:
     D:1: 1405 daAuts
     D:2: 17 daAuts
